[Event "Team 45 45 League T48"]
[Site "Internet Chess Club"]
[Date "2011.02.27"]
[Round "3"]
[White "MontanaSky"]
[Black "BuddyT"]
[Result "1-0"]
[WhiteElo "1814"]
[BlackElo "1741"]
[Opening "Catalan: closed"]
[ECO "E01"]
[Time "18:00:56"]
[TimeControl "2700+45"]

1. d4 e6 2. c4 d5 3. g3 Nf6 4. Bg2 Bb4+ 5. Bd2 Be7 6. Qc2 O-O 7. Nf3 c6 8. O-O
Nbd7 9. Nc3 b6 10. cxd5 cxd5 11. Rac1 Bb7 12. Ne5 Rc8 13. Qd3 Ne8 14. e4 dxe4
15. Bxe4 Bxe4 16. Qxe4 Nxe5 17. Qxe5 Bf6 18. Qf4 Bxd4 19. Rcd1 Qf6 20. Nb5 Bxb2
21. Bb4 a6 22. Qxf6 Nxf6 23. Bxf8 Kxf8 24. Nd6 Rc2 25. f3 Ba3 26. Ne4 Nxe4 27.
fxe4 a5 28. Rd7 Bc5+ 29. Kh1 f6 30. Rfd1 Rc4 31. Rb7 Rd4 32. Rxd4 Bxd4 33. a4 h5
34. Kg2 Kg8 35. h3 Kh7 36. Kf3 Kh6 37. g4 g6 38. gxh5 Kxh5 39. Rh7+ Kg5 40. h4#
{Black checkmated} 1-0

[Event "Team 45 45 League T48"]
[Site "Internet Chess Club"]
[Date "2011.02.25"]
[Round "3"]
[White "parpin"]
[Black "misuc56"]
[Result "1-0"]
[WhiteElo "1841"]
[BlackElo "1728"]
[Opening "Sicilian defense"]
[ECO "B32"]
[Time "14:07:40"]
[TimeControl "2700+45"]

1. e4 c5 2. Nf3 Nc6 3. d4 cxd4 4. Nxd4 d6 5. Nc3 g6 6. Be3 Bg7 7. Bc4 Bd7 8. Qd2
a6 9. f3 Ne5 10. Bb3 b5 11. h4 h5 12. Nde2 Nf6 13. Nf4 Nc4 14. Bxc4 bxc4 15.
Nfd5 Rb8 16. b3 cxb3 17. axb3 Nxd5 18. exd5 Qc8 19. Bd4 Kf8 20. O-O Bb5 21. Rfe1
Bxd4+ 22. Qxd4 Qc5 23. Qxc5 dxc5 24. Nxb5 axb5 25. Ra7 c4 26. Rexe7 Rh7 27. b4
Rd8 28. Red7 Re8 29. Kf2 Rb8 30. d6 Rb6 31. Rd8+ Kg7 32. d7 Rd6 33. Rb7 c3 34.
Rxb5 Kf6 35. Rb7 Kf5 36. Rc8 f6 37. Rb5+ Ke6 38. d8=Q Rd2+ 39. Qxd2 cxd2 40. Rd8
Rc7 41. Rxd2 Rc4 42. Rb6+ Ke5 43. b5 Rxh4 44. Rb8 g5 45. b6 Rb4 46. b7 Kf5 47.
Rd5+ Ke6 48. Rxg5 fxg5 49. Re8+ {Black resigns} 1-0

[Event "Team 45 45 League T48"]
[Site "Internet Chess Club"]
[Date "2011.02.28"]
[Round "3"]
[White "rubo"]
[Black "wrimle"]
[Result "1/2-1/2"]
[WhiteElo "1697"]
[BlackElo "1649"]
[Opening "Bird's opening"]
[ECO "A03"]
[Time "16:00:40"]
[TimeControl "2700+45"]

1. f4 d5 2. g3 g6 3. Nf3 Bg7 4. Bg2 Nf6 5. O-O O-O 6. d3 c5 7. Qe1 Nc6 8. c3 Qb6
9. h3 Re8 10. Na3 e5 11. fxe5 Nxe5 12. Kh2 Nxd3 13. Qd2 Nxc1 14. Raxc1 Bf5 15.
Nh4 Be4 16. Bf3 Re5 17. Ng2 Rae8 18. Nf4 Bxf3 19. exf3 g5 20. Ng2 Re2 21. Qxg5
Qxb2 {Game drawn by mutual agreement} 1/2-1/2

[Event "Team 45 45 League T48"]
[Site "Internet Chess Club"]
[Date "2011.02.25"]
[Round "3"]
[White "QueensCounselor"]
[Black "KingDestroyer"]
[Result "0-1"]
[WhiteElo "2141"]
[BlackElo "2242"]
[Opening "Nimzo-Indian: classical variation"]
[ECO "E32"]
[Time "14:00:30"]
[TimeControl "2700+45"]

1. d4 Nf6 2. c4 e6 3. Nc3 Bb4 4. Qc2 O-O 5. a3 Bxc3+ 6. Qxc3 d5 7. Nf3 dxc4 8.
Qxc4 b6 9. Bf4 Ba6 10. Qc2 Nbd7 11. b4 Rc8 12. Qa4 Bc4 13. e3 Bxf1 14. Kxf1 Nd5
15. Bg3 c5 16. Bd6 Re8 17. bxc5 bxc5 18. dxc5 Nxc5 19. Bxc5 Rxc5 20. g3 Qa8 21.
Qe4 Rec8 22. Kg2 Nf4+ 23. Qxf4 Rf5 {White resigns} 0-1

[Event "Team 45 45 League T48"]
[Site "Internet Chess Club"]
[Date "2011.02.27"]
[Round "3"]
[White "bwang88"]
[Black "fledermaus"]
[Result "1-0"]
[WhiteElo "1965"]
[BlackElo "1827"]
[Opening "Sicilian: Scheveningen, Keres attack"]
[ECO "B81"]
[Time "15:36:50"]
[TimeControl "2700+45"]

1. e4 c5 2. Nf3 e6 3. d4 cxd4 4. Nxd4 Nf6 5. Nc3 d6 6. g4 h6 7. Be3 Be7 8. Bc4
Nc6 9. f3 Nd7 10. Qd2 Nde5 11. Be2 Bh4+ 12. Kd1 Nxd4 13. Bxd4 O-O 14. Rg1 f5 15.
gxf5 exf5 16. Qxh6 Qf6 17. Bc4+ Nxc4 18. Bxf6 Bxf6 19. Nd5 Bd4 20. Qg6 Rf7 21.
Rg3 f4 22. Rg5 Ne3+ 23. Nxe3 fxe3 24. Ke2 b6 25. c3 Ba6+ 26. Ke1 Be5 27. Rh5 Rf6
28. Qh7+ Kf7 29. Rf5 Rf8 30. Rxf6+ Bxf6 31. Rd1 Ke7 32. Rd5 Be5 33. Rxe5+ dxe5
34. Qxg7+ Rf7 35. Qxe5+ Kf8 36. f4 Rd7 37. f5 e2 38. Qf6+ Ke8 39. Qe6+ Kd8 40.
c4 {Black resigns} 1-0

[Event "Team 45 45 League T48"]
[Site "Internet Chess Club"]
[Date "2011.02.24"]
[Round "3"]
[White "fishhead"]
[Black "brgdgaf"]
[Result "0-1"]
[WhiteElo "1771"]
[BlackElo "1907"]
[Opening "Sicilian: Pelikan, Chelyabinsk variation"]
[ECO "B33"]
[Time "17:30:57"]
[TimeControl "2700+45"]

1. e4 c5 2. Nf3 Nc6 3. d4 cxd4 4. Nxd4 Nf6 5. Nc3 e5 6. Ndb5 d6 7. Bg5 a6 8. Na3
b5 9. Nd5 Be7 10. Bxf6 Bxf6 11. c4 b4 12. Nc2 a5 13. Be2 O-O 14. O-O Bg5 15. Bg4
Be6 16. g3 Ne7 17. Nce3 Bxe3 18. Nxe3 Rc8 19. b3 Nc6 20. Kg2 Nd4 21. f4 a4 22.
f5 Bd7 23. f6 g6 24. Nd5 Ra8 25. Bxd7 Qxd7 26. Qd3 Rfb8 27. Qe3 Kh8 28. Qh6 Rg8
29. Ne7 Qg4 30. Nxg8 Qxe4+ 31. Kh3 Rxg8 32. Rab1 g5 33. bxa4 g4+ 34. Kh4 Nf3+
{White resigns} 0-1

[Event "Team 45 45 League T48"]
[Site "Internet Chess Club"]
[Date "2011.02.25"]
[Round "3"]
[White "Philly-Boy"]
[Black "OxidisedLizard"]
[Result "1-0"]
[WhiteElo "1886"]
[BlackElo "1875"]
[Opening "King's Indian: Four pawns attack"]
[ECO "E76"]
[Time "15:31:49"]
[TimeControl "2700+45"]

1. d4 Nf6 2. c4 g6 3. Nc3 Bg7 4. e4 d6 5. f4 O-O 6. Bd3 Na6 7. a3 e5 8. fxe5
dxe5 9. d5 Nc5 10. Nf3 a5 11. Be3 Qe7 12. O-O h6 13. Bc2 a4 14. Kh1 Ng4 15. Bg1
Bd7 16. h3 Nf6 17. Bxc5 Qxc5 18. Nxe5 Bc8 19. Nxa4 Qe7 20. Nf3 Nxe4 21. Bxe4
Qxe4 22. Qb3 b5 23. Qxb5 Ba6 24. Qb4 Qxc4 25. Rfd1 Qxb4 26. axb4 Be2 27. Rdc1
Bxf3 28. gxf3 Be5 29. Nc3 Rab8 30. b5 h5 31. Ra4 Bg3 32. Kg2 h4 33. Re4 Rfe8 34.
Rc2 f5 35. Rxe8+ Rxe8 36. Re2 Rxe2+ 37. Nxe2 Be5 38. b3 Kf7 39. f4 Bb2 40. d6
Ke6 41. dxc7 Kd7 42. b6 Ba3 43. Nc3 Bc5 44. Nd5 Kc8 45. b4 Bd4 46. Ne7+ {Black
resigns} 1-0

[Event "Team 45 45 League T48"]
[Site "Internet Chess Club"]
[Date "2011.02.27"]
[Round "3"]
[White "Camden772"]
[Black "Walker42"]
[Result "0-1"]
[WhiteElo "1779"]
[BlackElo "2128"]
[Opening "Caro-Kann: anti-anti-Caro-Kann defense"]
[ECO "B10"]
[Time "15:00:53"]
[TimeControl "2700+45"]

1. e4 c6 2. c4 d5 3. cxd5 cxd5 4. exd5 Nf6 5. Nc3 Nxd5 6. Nf3 Nc6 7. Bb5 e6 8.
O-O Be7 9. d4 O-O 10. Bd3 Bd7 11. Re1 Rc8 12. Bd2 Bf6 13. Be3 Qa5 14. Ne4 Be7
15. Nc5 Nxe3 16. Rxe3 Bxc5 17. Bxh7+ Kxh7 18. Ng5+ Kg6 19. dxc5 Kxg5 20. Rg3+
Kf6 21. Qxd7 Qxc5 22. Rf3+ Kg6 23. Rg3+ Kh7 24. Qd3+ Qf5 25. Rh3+ Kg8 26. Qb3
Nd4 27. Qxb7 Rc2 28. Rf1 Qb5 29. Qxb5 Nxb5 30. Rb3 a6 31. a4 Nd4 32. Rb7 Rfc8
33. g3 Rd2 34. b4 Rcc2 35. Rb6 Rb2 36. a5 Nc2 37. Rxa6 Nxb4 38. Ra8+ Kh7 39. a6
Ra2 40. a7 Nc6 41. Kg2 Rxa7 42. Rxa7 Nxa7 43. Rc1 Nb5 44. Rc5 Nd4 45. Rc7 Kg6
46. h4 Nf5 47. Kf3 Ra2 48. h5+ Kf6 49. g4 Ra3+ 50. Kf4 e5+ 51. Ke4 Ra4+ 52. Kf3
Rf4+ {White resigns} 0-1

[Event "Team 45 45 League T48"]
[Site "Internet Chess Club"]
[Date "2011.02.23"]
[Round "3"]
[White "Gregorio"]
[Black "upsan"]
[Result "1-0"]
[WhiteElo "2029"]
[BlackElo "1821"]
[Opening "English opening"]
[ECO "A13"]
[Time "19:02:13"]
[TimeControl "2700+45"]

1. c4 e6 2. g3 f5 3. Bg2 Nf6 4. Nf3 c6 5. b3 d5 6. Bb2 Bd6 7. Qc2 Qe7 8. O-O O-O
9. d3 e5 10. e3 Na6 11. a3 f4 12. exf4 exf4 13. Re1 Qc7 14. Be5 Bf5 15. b4 Bxe5
16. Rxe5 Ng4 17. Re2 fxg3 18. hxg3 Qf7 19. cxd5 Qxd5 20. Ne5 Qd4 21. Qa2+ Kh8
22. Nf7+ Rxf7 23. Qxf7 Bg6 24. Qxb7 Rb8 25. Qxa6 Qxa1 26. Bxc6 Qxb1+ 27. Kg2
Qxd3 28. Qxa7 Qd8 29. b5 Nf6 30. Qc5 Qd1 31. Qe5 Qb3 32. Qxb8+ {Black resigns}
1-0

[Event "Team 45 45 League T48"]
[Site "Internet Chess Club"]
[Date "2011.02.27"]
[Round "3"]
[White "Mark-SF"]
[Black "MeanMrMustard"]
[Result "1-0"]
[WhiteElo "1902"]
[BlackElo "1811"]
[Opening "French: classical, Steinitz variation"]
[ECO "C14"]
[Time "22:01:38"]
[TimeControl "2700+45"]

1. e4 e6 2. d4 d5 3. Nc3 Nf6 4. Bg5 Be7 5. e5 Nfd7 6. Bxe7 Qxe7 7. f4 O-O 8. Nf3
a6 9. Bd3 c5 10. Bxh7+ Kxh7 11. Ng5+ Kg6 12. Qd3+ f5 13. exf6+ Kxf6 14. O-O-O
Rh8 15. Rde1 Nf8 16. Nxd5+ exd5 17. Rxe7 Kxe7 18. Re1+ Kd6 19. Nf7+ {Black
resigns} 1-0

[Event "Team 45 45 League T48"]
[Site "Internet Chess Club"]
[Date "2011.02.26"]
[Round "3"]
[White "ghostfire"]
[Black "qs16"]
[Result "0-1"]
[WhiteElo "1673"]
[BlackElo "1610"]
[Opening "Queen's Indian: old main line, 7.Nc3"]
[ECO "E18"]
[Time "11:01:34"]
[TimeControl "2700+45"]

1. d4 Nf6 2. c4 e6 3. Nc3 b6 4. Nf3 Bb7 5. g3 Be7 6. Bg2 O-O 7. O-O d5 8. Ne5
Nbd7 9. cxd5 Nxd5 10. Nxd5 exd5 11. Nd3 Bf6 12. Nf4 c6 13. e3 g6 14. Re1 Bg7 15.
Qb3 Nf6 16. a4 a5 17. Nd3 Nd7 18. Bh3 Bc8 19. Bg2 Bb7 20. Qc2 Rc8 21. b4 c5 22.
bxc5 bxc5 23. Qb1 Ba8 24. Bb2 Rb8 25. Qc2 c4 26. Nf4 Nf6 27. Rab1 Re8 28. Ne2
Qd7 29. Nc3 Bc6 30. Ba3 Bf8 31. Bxf8 Kxf8 32. Rxb8 Rxb8 33. Rb1 Qe8 34. Rxb8
Qxb8 35. Qa2 Qb4 36. Qa1 h5 37. h4 Qb3 38. Kf1 Qc2 39. Bf3 Kg7 40. Bd1 Qf5 41.
Qb2 Bd7 42. Qb6 Qd3+ 43. Kg2 Qxc3 44. Qd6 Bf5 45. Bf3 Be4 46. Bxe4 dxe4 47. Qe5
Qd2 48. g4 hxg4 49. h5 Qe2 50. h6+ Kxh6 51. Qxf6 Qf3+ 52. Qxf3 gxf3+ 53. Kf1 Kg5
54. Ke1 Kf6 55. Kd2 Ke6 56. Kc3 Kd5 57. Kd2 g5 58. Kc3 f6 59. Kd2 f5 60. Kc3 f4
61. Kd2 c3+ 62. Kxc3 fxe3 63. fxe3 f2 64. Kd2 f1=R {White resigns} 0-1

[Event "Team 45 45 League T48"]
[Site "Internet Chess Club"]
[Date "2011.02.25"]
[Round "3"]
[White "Buford-Julep"]
[Black "Egmont"]
[Result "0-1"]
[WhiteElo "1633"]
[BlackElo "1753"]
[Opening "Sicilian: accelerated fianchetto, modern variation"]
[ECO "B34"]
[Time "09:00:09"]
[TimeControl "2700+45"]

1. e4 c5 2. Nf3 Nc6 3. d4 cxd4 4. Nxd4 g6 5. Nc3 Bg7 6. Be3 Nf6 7. Nb3 O-O 8.
Be2 d6 9. f4 a5 10. Bf3 a4 11. Nd2 a3 12. Rb1 axb2 13. Nc4 Ng4 14. Bd2 Nf6 15.
O-O Nd4 16. Be3 Nxf3+ 17. gxf3 Qc7 18. Qd3 Be6 19. Nd5 Nxd5 20. exd5 Bf5 21. Qb3
Rfc8 22. Nb6 Bxc2 23. Nxa8 Rxa8 24. Qb4 Bxb1 25. Rxb1 Qc2 26. Qe4 Qxe4 27. fxe4
Rxa2 {White resigns} 0-1

[Event "Team 45 45 League T48"]
[Site "Internet Chess Club"]
[Date "2011.02.27"]
[Round "3"]
[White "Karpyan"]
[Black "Phosphorus"]
[Result "1-0"]
[WhiteElo "1864"]
[BlackElo "2109"]
[Opening "Dutch defense, Rubinstein variation"]
[ECO "A40"]
[Time "13:16:35"]
[TimeControl "2700+45"]

1. d4 e6 2. c4 f5 3. Nc3 Nf6 4. g3 d5 5. Bg2 c6 6. Nf3 Bd6 7. cxd5 exd5 8. O-O
O-O 9. Bf4 Bxf4 10. gxf4 Nbd7 11. Qc2 Ne4 12. e3 Rf6 13. Ne2 Rh6 14. Ng3 Ndf6
15. b4 Ng4 16. a4 Qe8 17. Qd3 Bd7 18. Rac1 Nxg3 19. hxg3 Qh5 20. b5 Nh2 21. Ne5
Nxf1 22. Nxd7 Nh2 23. Ne5 Ng4 24. bxc6 bxc6 25. Nxc6 Kh8 26. Ne7 Rf6 27. Nxd5
Rff8 28. Ne7 Rab8 29. Qa3 Rfe8 30. d5 Rxe7 31. Qxe7 Qh2+ 32. Kf1 Nxf2 33. Qb7
Re8 34. Kxf2 {Black resigns} 1-0

[Event "Team 45 45 League T48"]
[Site "Internet Chess Club"]
[Date "2011.02.26"]
[Round "3"]
[White "MASTERCHEF"]
[Black "fileman"]
[Result "0-1"]
[WhiteElo "1723"]
[BlackElo "1935"]
[Opening "KP: Nimzovich defense"]
[ECO "B00"]
[Time "15:00:38"]
[TimeControl "2700+45"]

1. e4 Nc6 2. Nf3 d6 3. d4 Nf6 4. Nc3 Bg4 5. Bb5 a6 6. Bxc6+ bxc6 7. Bg5 e6 8. h3
Bh5 9. g4 Bg6 10. e5 dxe5 11. Nxe5 Qd6 12. Qe2 Be7 13. O-O-O Nd5 14. Bxe7 Nxc3
15. Qc4 Nxa2+ 16. Qxa2 Kxe7 17. Qc4 Be4 18. Rhe1 Bd5 19. Qe2 f6 20. Nd3 Bc4 21.
Qe3 Bxd3 22. Rxd3 Kf7 23. Red1 Rhe8 24. g5 e5 25. dxe5 Qxe5 26. Rd7+ Re7 27.
Qb3+ Kf8 28. Rxe7 Kxe7 29. gxf6+ Qxf6 30. Re1+ Kf8 31. Re3 Qg5 32. Kb1 Qd5 33.
Qxd5 cxd5 34. Rd3 c6 35. Rc3 Rc8 36. Ra3 Ke7 37. Rxa6 Rc7 38. Kc1 Kd6 39. Kd2
Kc5 40. Ra4 Re7 41. Kd3 g6 42. Rf4 Re5 43. Rh4 h5 44. Rf4 Re6 45. f3 Re1 46. Rf6
Rg1 47. Ke2 Rg2+ 48. Kd3 g5 49. b3 Rg3 50. Ke3 Rxh3 51. Kf2 Rh2+ 52. Ke3 Rxc2
53. Kd3 {White resigns} 0-1

[Event "Team 45 45 League T48"]
[Site "Internet Chess Club"]
[Date "2011.02.27"]
[Round "3"]
[White "SidVicious"]
[Black "AntonioMendonca"]
[Result "1-0"]
[WhiteElo "1660"]
[BlackElo "1515"]
[Opening "French: Tarrasch"]
[ECO "C03"]
[Time "17:11:18"]
[TimeControl "2700+45"]

1. e4 e6 2. d4 d5 3. Nd2 a6 4. g3 c5 5. Ne2 Nf6 6. e5 Nfd7 7. c3 Nc6 8. Nf3 f6
9. exf6 Nxf6 10. Bg2 b5 11. O-O Bd7 12. Re1 Ne4 13. Be3 Qb6 14. Ng5 Nxg5 15.
Bxg5 h6 16. Be3 O-O-O 17. Nf4 Bd6 18. dxc5 Bxc5 19. Bxc5 Qxc5 20. Nxe6 Bxe6 21.
Rxe6 Rhf8 22. Re2 Rd7 23. Bh3 g5 24. Bxd7+ Kxd7 25. Qe1 Rf5 26. Rd1 a5 27. Rdd2
b4 28. cxb4 axb4 29. Re8 Rf6 30. Qe3 d4 31. Qe4 Qc1+ 32. Qe1 Qc5 33. Rde2 d3 34.
Qd2 Rd6 35. Re1 Qc2 36. R8e2 Nd4 37. Re7+ Kc6 38. Qxc2+ dxc2 39. Rc1 Kd5 40. Kg2
g4 41. Rg7 Rc6 42. Re7 b3 43. a3 Nb5 44. Re3 Nd4 45. Kf1 Re6 46. Rxe6 Kxe6 47.
Ke1 Kd5 48. Kd2 Ke4 49. a4 Kf3 50. a5 Kxf2 51. a6 Nc6 52. Kc3 Kg2 53. Kxb3 Kh3
54. Rxc2 Nd4+ 55. Kc3 Nxc2 56. Kxc2 Kxh2 57. a7 Kxg3 58. a8=Q h5 59. Qh1 h4 60.
b4 h3 61. b5 Kh4 62. b6 g3 63. b7 g2 64. Qh2 Kg4 65. b8=Q Kf3 66. Qbg3+ Ke4 67.
Qhxh3 g1=Q 68. Qxg1 Ke5 69. Qgg4 Kf6 70. Qhh5 Ke7 71. Qgg6 Kf8 72. Qh8+ Ke7 73.
Qhh7+ {Black resigns} 1-0

[Event "Team 45 45 League T48"]
[Site "Internet Chess Club"]
[Date "2011.02.26"]
[Round "3"]
[White "Celtics"]
[Black "bondguy01"]
[Result "1-0"]
[WhiteElo "1677"]
[BlackElo "1698"]
[Opening "KGD: classical, 4.c3"]
[ECO "C30"]
[Time "15:01:00"]
[TimeControl "2700+45"]

1. e4 e5 2. f4 Bc5 3. Nf3 d6 4. c3 Bb6 5. fxe5 dxe5 6. d4 exd4 7. cxd4 Bg4 8.
Nc3 Nc6 9. d5 Ne5 10. Bf4 Ng6 11. Bb5+ Kf8 12. Bg3 Nf6 13. h3 Bd7 14. Bxd7 Qxd7
15. Qc2 Be3 16. Bf2 Bh6 17. O-O Nf4 18. Bc5+ Kg8 19. Ne5 Nxh3+ 20. gxh3 Qxh3 21.
Rf3 Qh5 22. Qg2 Qxe5 23. Rf5 Qe8 24. Rxf6 g6 25. Raf1 Bg7 26. Rxf7 Qxf7 27. Rxf7
Kxf7 28. Qf3+ Ke8 29. Nb5 Rc8 30. Qf4 Kd8 31. Qf7 Re8 32. Qxg7 a6 33. Qf6+
{Black resigns} 1-0